 Dungeon Crawl Stone Soup version 0.26-a0-652-gafc20e3620 (webtiles) character file.

Game seed: 17253037032359743917

2641 heikuro the Carver (level 9, 0/72 HPs)
             Began as a Formicid Abyssal Knight on Oct 3, 2020.
             Was a Priest of Lugonu.
             Slain by a wraith (7 damage)
             ... on level 7 of the Dungeon.
             The game lasted 00:17:40 (9614 turns).

heikuro the Carver (Formicid Abyssal Knight)        Turns: 9614, Time: 00:17:40

Health: 0/72       AC: 15    Str: 20    XL:     9   Next: 93%
Magic:  14/14      EV:  6    Int: 12    God:    Lugonu [***...]
Gold:   436        SH:  0    Dex: 10    Spells: 8/8 levels left

rFire    x . .     SeeInvis +   B - +2 falchion (vorpal)
rCold    + . .     Faith    .   (no shield)
rNeg     . . .     Spirit   .   q - +1 plate armour
rPois    .         Reflect  .   (helmet unavailable)
rElec    .         Harm     .   A - +0 cloak
rCorr    +         Rampage  .   (no gloves)
MR       .....                  (no boots)
Stlth    ..........             (no amulet)
HPRegen  0.22/turn              m - ring of ice (curse)
MPRegen  0.14/turn              x - ring of resist corrosion

@: no status effects
A: permanent stasis, dig shafts and tunnels, four strong arms, antennae 3
a: Dig, Shaft Self, Depart the Abyss, Bend Space, Banish, Renounce Religion


You were on level 7 of the Dungeon.
You worshipped Lugonu.
Lugonu was most pleased with you.
You visited 2 branches of the dungeon, and saw 8 of its levels.
You visited the Abyss 1 time.

You collected 436 gold pieces.

Inventory:

Hand Weapons
 d - a +0 dagger of venom
 B - a +2 vorpal falchion (weapon)
Missiles
 e - 154 sling bullets
 r - 47 poisoned darts (quivered)
 y - a throwing net
Armour
 q - a +1 plate armour (worn)
 A - a +0 cloak (worn)
Magical Staves
 s - an uncursed staff of fire
 z - an uncursed staff of air
Jewellery
 m - a cursed ring of ice (left hand)
 x - a ring of resist corrosion (right hand)
Scrolls
 a - 2 scrolls of noise {unknown}
 i - 2 scrolls of fog
 j - 2 scrolls of enchant armour
 n - a scroll of remove curse
 o - 2 scrolls of magic mapping
 p - 2 scrolls of fear
 t - 2 scrolls of amnesia
 u - a scroll of random uselessness {unknown}
 w - a scroll of enchant weapon {unknown}
Potions
 b - a potion of mutation
 c - 5 potions of cancellation
 f - a potion of ambrosia
 g - a potion of heal wounds
 h - 2 potions of brilliance
 k - a potion of stabbing
 l - 3 potions of curing
 D - 2 potions of flight {unknown}


   Skills:
 + Level 7.0 Fighting
 * Level 8.4 Long Blades
 + Level 6.6 Armour
 - Level 1.0 Dodging
 + Level 7.1 Invocations


You had 8 spell levels left.
You didn't know any spells.
Your spell library contained the following spells:

 Spells                   Type           Power        Failure   Level
 Animate Skeleton         Necr           #.....       100%        1
 Apportation              Tloc           #.....       100%        1
 Corona                   Hex            #......      100%        1
 Freeze                   Ice            #...         100%        1
 Summon Small Mammal      Summ           #...         100%        1
 Frozen Ramparts          Ice            #.....       100%        3
 Ozocubu's Armour         Ice            #.......     100%        3
 Hailstorm                Conj/Ice       #.......     100%        4
 Summon Ice Beast         Ice/Summ       #.......     100%        4


Dungeon Overview and Level Annotations

Branches:
Dungeon (7/15)             Temple (1/1) D:4

Altars:
Ashenzari
Cheibriados
Dithmenos
Elyvilon
Fedhas
Gozag
Hepliaklqana
Kikubaaqudgha
Makhleb
Nemelex Xobeh
Okawaru
Qazlal
Ru
Sif Muna
Trog
Uskayaw
Vehumet
Wu Jian
Xom
Yredelemnul
Zin
The Shining One


Innate Abilities, Weirdness & Mutations

You cannot be hasted, slowed, berserked, paralysed or teleported.
You can dig through walls and to a lower floor.
Your four strong arms can wield two-handed weapons with a shield.
You have a pair of large antennae on your head. (SInv)


Message History

The wraith hits you but does no damage.
You barely miss the wraith.
The wraith is severely damaged.
The wraith hits you.
* * * LOW HITPOINT WARNING * * *
The wraith drains your vigour!
Your stasis prevents you from being slowed.
You slash the wraith!
The wraith is almost destroyed.
The wraith hits you.
* * * LOW HITPOINT WARNING * * *
You closely miss the wraith.
The wraith is almost destroyed.
You closely miss the wraith.
The wraith is almost destroyed.
The wraith hits you but does no damage.
You hit the wraith but do no damage.
The wraith is almost destroyed.
The wraith hits you!
You die...

{{ .....##....##.....
....###..###..... {
#...##.....###...
#...###..###...#. # ##
#...#...(.##...#. #. .#
##...##8..8##..... ##)
.#.#..............>.
#...#.##.##.##.......### ..#
. #.W#@.##.##.......# ...#.#
#..#W#.##..........# #..#.
#W##..#.#####.......#
#...#########... .........#
#..............#####.#######
#.##...#......... #.# #
####...........##.#####.## #
#.........#.#............# #
#.##.....................#


You could see a wraith.

Vanquished Creatures
  A hippogriff (D:6)
  A wraith (D:7)
  Menkaure (D:7)
  A black bear (D:7)
  An ice beast (D:4)
  A sky beast (D:6)
  A phantom (D:6)
  An ogre (D:6)
  3 centaurs
  3 bullfrogs
  A gnoll sergeant (D:7)
  2 wyvern zombies (D:7)
  2 scorpions
  3 killer bees (D:7)
  A howler monkey (D:7)
  2 bullfrog zombies
  A jelly (D:6)
  2 orc priests (D:6)
  A hound (D:7)
  4 orc wizards
  2 iguanas
  4 worker ants
  A hound skeleton (D:7)
  16 gnolls
  17 adders
  A white imp (D:5)
  An adder skeleton (D:5)
  A worm (D:5)
  3 dart slugs
  5 leopard geckos
  8 orcs
  9 giant cockroaches
  10 goblins
  3 hobgoblins
  A jackal (D:1)
  6 kobolds
  A quokka (D:5)
  14 bats
  6 frilled lizards
  8 rats
150 creatures vanquished.

Vanquished Creatures (others)
  9 plants (D:3)
9 creatures vanquished.

Grand Total: 159 creatures vanquished

Notes
Turn   | Place    | Note
-------+----------+-------------------------------------------
     0 | Abyss:1  | heikuro the Formicid Abyssal Knight began the quest for the
                  | Orb.
     0 | Abyss:1  | Reached XP level 1. HP: 18/18 MP: 2/2
    26 | Abyss:1  | Noticed a fire giant skeleton
    27 | D:1      | Escaped the Abyss
   122 | D:1      | Reached skill level 1 in Dodging
   130 | D:1      | Reached XP level 2. HP: 24/24 MP: 3/3
   319 | D:1      | Reached * piety under Lugonu
   547 | D:1      | Reached XP level 3. HP: 29/29 MP: 4/4
  1063 | D:2      | Reached XP level 4. HP: 29/37 MP: 6/6
  1076 | D:2      | Reached skill level 3 in Long Blades
  1526 | D:2      | Found a white marble altar of Elyvilon.
  1642 | D:2      | Reached XP level 5. HP: 37/42 MP: 7/7
  1730 | D:2      | Found a basalt altar of Yredelemnul.
  1827 | D:2      | Reached ** piety under Lugonu
  2551 | D:3      | Found an ornate altar of the Wu Jian Council.
  2955 | D:3      | Reached XP level 6. HP: 44/48 MP: 8/8
  2961 | D:3      | Reached skill level 4 in Long Blades
  3821 | D:4      | Found a shimmering altar of Xom.
  3835 | D:4      | Reached *** piety under Lugonu
  3931 | D:4      | Found a sparkling altar of Nemelex Xobeh.
  4049 | D:4      | Found a staircase to the Ecumenical Temple.
  4049 | D:4      | Noticed an ice beast
  4079 | D:4      | Reached XP level 7. HP: 55/55 MP: 10/10
  4411 | D:5      | Entered Level 5 of the Dungeon
  4473 | D:5      | Reached skill level 5 in Long Blades
  4703 | D:5      | Reached skill level 5 in Fighting
  4905 | D:4      | Reached XP level 8. HP: 34/62 MP: 11/11
  5052 | Temple   | Entered the Ecumenical Temple
  5482 | D:5      | Found a white marble altar of Elyvilon.
  5921 | D:6      | Noticed a hippogriff
  5940 | D:6      | Killed a hippogriff
  5940 | D:6      | Reached skill level 6 in Long Blades
  5940 | D:6      | Reached skill level 5 in Invocations
  6123 | D:6      | Reached skill level 5 in Armour
  6130 | D:6      | HP: 2/63 [orc priest/divine providence (15)]
  6760 | D:6      | Found a blossoming altar of Fedhas.
  7536 | D:6      | Reached XP level 9. HP: 10/69 MP: 13/13
  7545 | D:6      | Reached skill level 7 in Long Blades
  7989 | D:7      | Noticed Menkaure
  7998 | D:7      | HP: 1/69 [Menkaure (16)]
  8003 | D:7      | Killed Menkaure
  8871 | D:7      | Reached skill level 8 in Long Blades
  9550 | D:7      | Found a shadowy altar of Dithmenos.
  9552 | D:7      | Found a broken altar of Ashenzari.
  9573 | D:7      | Found the +5 scythe "Finisher" {speed, eviscerate}
  9614 | D:7      | Slain by a wraith

Illustrated notes

Levels and vault maps discovered:
D:1:      onia_arrival_pyramid, layout_rooms, minmay_nonomino_d4
D:2:      layout_loops_ring, kennysheep_ying_yang
D:3:      cheibrodos_old_hovel, layout_basic, overflow_temple_1_default,
          kennysheep_potato
D:4:      layout_basic, lemuel_crystal_altar, minmay_temple_entry_from_below_b,
          nemelex_diamond_rough_becter
D:5:      layout_basic, basic_altar
D:6:      layout_basic, basic_altar
D:7:      layout_basic, minitemple, supply_closet_lemuel, minmay_misc_feat_iff,
          minmay_guarded_unrand_finisher, uniq_menkaure
Temple:   lightli_temple_of_artemis

Skill      XL: |  1  2  3  4  5  6  7  8  9 |
---------------+----------------------------+-----
Dodging        | 1 |  1.0
Long Blades    | 3 4 5 6 8 |  8.4
Invocations    | 3 4 5 7 |  7.1
Armour         | 3 4 5 6 |  6.6
Fighting       | 4 5 6 7 |  7.0

Action                   |  1- 3 |  4- 6 |  7- 9 || total
-------------------------+-------+-------+-------++-------
Melee: Dagger            |    96 |   283 |   225 ||   604
       Falchion          |     1 |       |   197 ||   198
Throw: Dart              |       |       |     8 ||     8
Invok: Depart the Abyss  |     1 |       |       ||     1
       Bend Space        |       |       |     2 ||     2
 Abil: Dig               |       |     1 |     1 ||     2
  Use: Scroll            |     4 |     9 |     4 ||    17
       Potion            |       |       |     2 ||     2
Armor: Chain mail        |    76 |     4 |       ||    80
       Plate armour      |       |   223 |   272 ||   495
Dodge: Dodged            |    51 |    81 |   129 ||   261
       Rpst.: Falchion   |       |       |    16 ||    16

Table legend: (Time is in decaauts)
 A = Elapsed time spent in this place.
 B = Non-inter-level travel time spent in this place.
 C = Inter-level travel time spent in this place.
 D = Time resting spent in this place.
 E = Time spent auto-exploring this place.
 F = Levels seen in this place.
 G = Mean time per level.
                   A        B        C        D        E       F      G
               +--------+--------+--------+--------+--------+-----+--------+
         Total |   9519 |   9122 |    397 |   3252 |   3130 |   9 | 1057.7 |
       Dungeon |   9388 |   9009 |    379 |   3252 |   3044 |   7 | 1341.1 |
        Temple |    104 |     86 |     18 |      0 |     86 |   1 |  104.0 |
         Abyss |     27 |     27 |      0 |      0 |      0 |   1 |   27.0 |
               +--------+--------+--------+--------+--------+-----+--------+

Top non-repeatable levels by time:
     D:7: 1740 daAuts
     D:6: 1667 daAuts
     D:3: 1616 daAuts
     D:5: 1452 daAuts
     D:2: 1049 daAuts
     D:4: 942 daAuts
     D:1: 919 daAuts
  Temple: 104 daAuts
 Abyss:1: 27 daAuts
